 Dungeon Crawl Stone Soup version 0.20-a0-633-gff4aa5c (webtiles) character file.

41766 polly the Carver (level 13, -2/101 HPs)
             Began as a Demonspawn Gladiator on Feb 12, 2017.
             Was the Champion of Okawaru.
             Slain by a nine-headed hydra (14 damage)
             ... on level 5 of the Lair of Beasts.
             The game lasted 01:06:26 (19644 turns).

polly the Carver (Demonspawn Gladiator)            Turns: 19644, Time: 01:06:26

Health: -2/101     AC: 18    Str: 18    XL:     13   Next: 81%
Magic:  23/26      EV: 16    Int: 17    God:    Okawaru [******]
Gold:   583        SH:  0    Dex: 18    Spells: 14/30 levels left

rFire    + . .     SeeInvis .   u - +0 triple sword
rCold    . . .     Gourm    .   N - +3 ring mail
rNeg     . . .     Faith    +   (shield currently unavailable)
rPois    +         Spirit   .   (helmet restricted)
rElec    .         Reflect  .   o - scarf {repulsion}
rCorr    .         Harm     .   D - +2 pair of gloves of Pathos {+Fly rF+ Dex+2 Stlth+}
MR       .....                  O - +0 pair of boots
Stlth    ++++......             M - amulet of faith (curse)
Regen    1.3/turn               J - +5 ring of intelligence
                                b - ring of wizardry

@: regenerating, repel missiles
A: horns 2, iridescent scales 2, sense surroundings 1, poison resistance,
powered by pain 1, spiny 3, strong 1
a: Heroism, Finesse, Renounce Religion, Evoke Flight


You were on level 5 of the Lair of Beasts.
You worshipped Okawaru.
Okawaru was exalted by your worship.
You were hungry.

You visited 4 branches of the dungeon, and saw 21 of its levels.
You also visited: Bailey.

You collected 973 gold pieces.
You spent 390 gold pieces at shops.

Inventory:

Hand Weapons
 u - a +0 triple sword (weapon)
Armour
 o - a scarf of repulsion (worn)
 D - the +2 pair of gloves of Pathos (worn) {+Fly rF+ Dex+2 Stlth+}
   (Okawaru gifted it to you on level 3 of the Lair of Beasts)

   It affects your dexterity (+2).
   It protects you from fire.
   It lets you fly.
   It makes you more stealthy.
 N - a +3 ring mail (worn)
 O - a +0 pair of boots (worn)
Jewellery
 a - an uncursed ring of protection from cold
 b - a ring of wizardry (left hand)
 k - an uncursed ring of protection from fire
 H - an uncursed amulet of guardian spirit
 I - a +3 ring of dexterity
 J - a +5 ring of intelligence (right hand)
 M - a cursed amulet of faith (around neck)
Wands
 G - a wand of iceblast (0/15)
 W - a wand of paralysis (0/24)
Scrolls
 c - a scroll of fog
 e - a scroll of amnesia {unknown}
 h - 8 scrolls of remove curse
 q - 4 scrolls of enchant weapon
 r - 4 scrolls of recharging {unknown}
 s - 6 scrolls of teleportation
 w - 9 scrolls of immolation
 z - 8 scrolls of magic mapping
 B - 3 scrolls of random uselessness {unknown}
 E - 4 scrolls of vulnerability {unknown}
 K - 7 scrolls of identify
 L - a scroll of enchant armour {unknown}
 P - 2 scrolls of fear {unknown}
 Q - 3 scrolls of torment {unknown}
Potions
 i - a potion of cancellation
 j - a potion of agility
 m - 2 potions of haste
 p - a potion of berserk rage
 v - 3 potions of brilliance
 x - 7 potions of flight
 A - 3 potions of ambrosia
 C - a potion of might
 F - 3 potions of mutation
Books
 d - a book of Air

   Spells                             Type                      Level
   a - Shock                          Conjuration/Air              1
   b - Swiftness                      Charms/Air                   2
   c - Static Discharge               Conjuration/Air              3
   d - Airstrike                      Air                          4
   e - Lightning Bolt                 Conjuration/Air              5
 y - a book of Necromancy

   Spells                             Type                      Level
   a - Pain                           Necromancy                   1
   b - Animate Skeleton               Necromancy                   1
   c - Vampiric Draining              Necromancy                   3
   d - Regeneration                   Charms/Necromancy            3
   e - Animate Dead                   Necromancy                   4
   f - Control Undead                 Necromancy                   4
 S - a book of Beasts

   Spells                             Type                      Level
   a - Summon Butterflies             Summoning                    1
   b - Call Canine Familiar           Summoning                    3
   c - Summon Ice Beast               Ice/Summoning                4
   d - Summon Mana Viper              Hexes/Summoning              5
   e - Summon Hydra                   Summoning                    7
 Y - a book of Flames

   Spells                             Type                      Level
   a - Flame Tongue                   Conjuration/Fire             1
   b - Throw Flame                    Conjuration/Fire             2
   c - Conjure Flame                  Conjuration/Fire             3
   d - Inner Flame                    Hexes/Fire                   3
   e - Sticky Flame                   Conjuration/Fire             4
   f - Fireball                       Conjuration/Fire             5
Comestibles
 f - 19 bread rations
 l - 5 royal jellies
 n - 14 meat rations
 t - 9 fruits


   Skills:
 + Level 9.0 Fighting
 + Level 12.6 Long Blades
 + Level 2.5 Throwing
 + Level 7.0 Armour
 + Level 7.6 Dodging
 - Level 7.6 Stealth
 * Level 9.4 Spellcasting
 * Level 4.0 Conjurations
 + Level 1.2 Charms
 - Level 5.3 Necromancy
 + Level 0.1 Air Magic
 + Level 1.3 Evocations


You had 14 spell levels left.
You knew the following spells:

 Your Spells              Type           Power        Failure   Level  Hunger
a - Animate Skeleton      Necr           N/A          1%          1    None
b - Apportation           Tloc           #.....       7%          1    None
c - Regeneration          Chrm/Necr      ###.......   4%          3    None
d - Animate Dead          Necr           N/A          7%          4    ###....
e - Swiftness             Chrm/Air       ##......     7%          2    None
f - Fireball              Conj/Fire      ##........   86%         5    #####..


Dungeon Overview and Level Annotations

Branches:
Dungeon (13/15)            Temple (1/1) D:7            Lair (6/6) D:11
 Spider (0/4) Lair:4          Orc (1/2) D:9          Vaults (0/5) D:13
  Swamp: Lair:2-4    Shoals: Lair:2-4     Slime: Lair:5-6

Altars:
Ashenzari
Cheibriados
Dithmenos
Elyvilon
Fedhas
Gozag
Hepliaklqana
Kikubaaqudgha
Makhleb
Nemelex Xobeh
Okawaru
Qazlal
Ru
Sif Muna
Trog
Uskayaw
Vehumet
Xom
Yredelemnul
Zin
The Shining One

Shops:
D:4 :   D:10 ?   D:11 }:*}*

Annotations:
Orc:1 Chodeload's ghost, journeyman OpSu


Innate Abilities, Weirdness & Mutations

You have a pair of horns on your head.
You are mostly covered in iridescent scales. (AC +4)
You sometimes gain a little power by taking damage.
You are completely covered in sharp spines.
You passively map a small area around you.
Your system is resistant to poisons. (rPois)
Your muscles are strong. (Str +2)


Message History

The eight-headed hydra bites you.
* * * LOW HITPOINT WARNING * * *
The eight-headed hydra barely misses you.
The eight-headed hydra bites you!
* * * LOW HITPOINT WARNING * * *
The eight-headed hydra closely misses you.
The eight-headed hydra barely misses you.
A bullfrog comes into view.
You hear a distant blaring wail to the north.
Evoke which item? (* to show all) (? for menu, Esc to quit)
Okay, then.
You chop one of the eight-headed hydra's heads off!
The seven-headed hydra grows two more!
You slash the nine-headed hydra!
The nine-headed hydra is almost dead.
The nine-headed hydra completely misses you.
The nine-headed hydra barely misses you.
The nine-headed hydra bites you but does no damage.
The nine-headed hydra barely misses you. x2
The nine-headed hydra bites you!
You die...

,..##.#P...#.... ,
.............. ,
............. , ≈ , **
#........... ≈ *
##.......... ≈≈#≈≈≈##...*
#..........# * #≈#≈≈≈≈P..#
*#.........# #≈#≈≈≈#P..##
###D........# ≈≈≈≈≈≈##...#
#.#@......... ,
#≈≈≈#≈≈....####..........#
..≈###.....$..#..........#
.....................F....
..........................
, ,
.....P#.#.#...........##.#
* ,
#..########..........##*#.,
....# #P..........## ....#
*#............# ,


You could see a nine-headed hydra and a bullfrog.

Vanquished Creatures
  2 vault guards (D:13)
  3 hydras
  Fannar (Lair:1)
  A catoblepas (Lair:6)
  4 two-headed ogres
  2 unseen horrors
  The ghost of tony the Thaumaturge, a novice DECj of Sif Muna (D:8)
  A deep elf archer (Bailey)
  8 deep elf magi
  7 ugly things
  A manticore (D:11)
  3 black mambas
  2 centaur zombies
  5 elephants (Lair:6)
  A rime drake (Lair:2)
  4 spiny frogs
  3 komodo dragons (Lair:2)
  Prince Ribbit (D:6)
  2 trolls
  A polar bear (Lair:4)
  A hornet (D:8)
  12 blink frogs
  7 hippogriffs
  2 wraiths
  A shadow (D:12)
  5 redbacks
  The ghost of polly the Covert, an amateur SpAs (D:3)
  3 wyverns
  30 yaks
  4 hogs (D:7)
  A human (D:7)
  Grum (D:8)
  Edmund (D:6)
  A soldier ant (D:13)
  8 water moccasins
  6 porcupines
  4 orc warriors
  A sky beast (D:7)
  3 black bears
  3 ice beasts
  4 ogres
  2 phantoms (D:5)
  A necrophage (D:8)
  8 wolves
  6 centaurs
  2 crocodiles
  3 big kobolds
  11 bullfrogs
  2 gnoll sergeants
  A wyvern zombie (D:6)
  A wyvern skeleton (D:10)
  6 scorpions
  3 killer bees (D:8)
  6 wights
  An electric eel (Lair:1)
  A howler monkey (D:11)
  4 crimson imps
  2 quasits
  4 hounds
  4 jellies
  2 bullfrog skeletons
  3 human zombies (D:8)
  8 orc priests
  2 human skeletons (D:8)
  A centaur skeleton (D:8)
  10 worker ants
  5 iguanas
  14 orc wizards
  2 ogre zombies (D:8)
  A hound skeleton (D:6)
  2 mummies (D:8)
  17 gnolls
  8 adders
  2 shadow imps
  An adder zombie (D:5)
  2 oozes
  A worm (D:5)
  2 dart slugs
  3 leopard geckos
  52 orcs
  A ball python (D:4)
  6 bats
  2 giant cockroaches
  5 goblins
  6 hobgoblins
  4 jackals
  4 quokkas
  7 frilled lizards
  19 kobolds
  An orc skeleton (D:8)
  A quokka zombie (D:5)
  3 rats
417 creatures vanquished.

Vanquished Creatures (collateral kills)
  A hornet (Lair:6)
  A wyvern (Lair:6)
2 creatures vanquished.

Vanquished Creatures (others)
  An unseen horror (Lair:1)
  A deep elf mage (Bailey)
  An electric eel (Lair:6)
  5 fungi
  A plant (Lair:6)
9 creatures vanquished.

Grand Total: 428 creatures vanquished

Notes
Turn   | Place    | Note
-------+----------+-------------------------------------------
     0 | D:1      | polly the Demonspawn Gladiator began the quest for the Orb.
     0 | D:1      | Reached XP level 1. HP: 16/16 MP: 1/1
    65 | D:1      | Gained mutation: You are partially covered in iridescent scales. (AC +2) [demonic ancestry]
    65 | D:1      | Reached XP level 2. HP: 6/22 MP: 2/2
   309 | D:1      | Reached skill level 3 in Long Blades
   814 | D:2      | Gained mutation: You are partially covered in sharp spines. [demonic ancestry]
   814 | D:2      | Reached XP level 3. HP: 27/27 MP: 3/3
  1281 | D:3      | Reached skill level 1 in Armour
  1405 | D:3      | Gained mutation: You are mostly covered in sharp spines. [demonic ancestry]
  1405 | D:3      | Reached XP level 4. HP: 34/34 MP: 4/4
  1510 | D:3      | Noticed polly's ghost (amateur SpAs)
  1517 | D:3      | Killed polly's ghost
  1517 | D:3      | Reached skill level 4 in Long Blades
  1517 | D:3      | Gained mutation: You sometimes gain a little power by taking damage. [demonic ancestry]
  1517 | D:3      | Reached XP level 5. HP: 40/40 MP: 5/5
  1536 | D:3      | Found an opulent altar of Gozag.
  2024 | D:4      | Found Wol Itos's Book Shoppe.
  2036 | D:4      | Reached XP level 6. HP: 41/46 MP: 6/6
  2199 | D:4      | Reached skill level 5 in Long Blades
  2199 | D:4      | Reached skill level 1 in Stealth
  2290 | D:4      | Learned a level 1 spell: Animate Skeleton
  2292 | D:4      | Learned a level 1 spell: Apportation
  2634 | D:5      | Entered Level 5 of the Dungeon
  2937 | D:5      | Reached XP level 7. HP: 42/52 MP: 7/7
  3013 | D:5      | Reached skill level 6 in Long Blades
  3414 | D:5      | Gained mutation: You are mostly covered in iridescent scales. (AC +4) [demonic ancestry]
  3414 | D:5      | Reached XP level 8. HP: 38/60 MP: 7/9
  3502 | D:6      | Reached skill level 1 in Spellcasting
  3516 | D:6      | Noticed Prince Ribbit
  3560 | D:6      | Reached skill level 7 in Long Blades
  3568 | D:6      | Killed Prince Ribbit
  3955 | D:6      | Noticed Edmund
  3970 | D:6      | Killed Edmund
  4365 | D:6      | Gained mutation: You have a pair of small horns on your head. [demonic ancestry]
  4365 | D:6      | Reached XP level 9. HP: 48/66 MP: 13/13
  4818 | D:7      | Found a staircase to the Ecumenical Temple.
  4971 | D:7      | Reached skill level 5 in Fighting
  4971 | D:7      | Reached skill level 5 in Dodging
  4973 | D:7      | Reached skill level 1 in Necromancy
  5191 | Temple   | Entered the Ecumenical Temple
  5347 | Temple   | Became a worshipper of Warmaster Okawaru
  5584 | D:8      | Noticed tony's ghost (novice DECj)
  5590 | D:8      | Paralysed by a hornet for 2 turns
  5614 | D:7      | Gained mutation: You have a beak for a mouth. [mutagenic meat]
  5615 | D:7      | Gained mutation: You evolve. [mutagenic meat]
  5616 | D:7      | Gained mutation: You have sharp toenails. [mutagenic meat]
  5617 | D:7      | Gained mutation: You occasionally shout uncontrollably at your foes. [mutagenic meat]
  5634 | D:7      | Lost mutation: You have sharp toenails. [potion of mutation]
  5634 | D:7      | Lost mutation: You evolve. [potion of mutation]
  5634 | D:7      | Lost mutation: You occasionally shout uncontrollably at your foes. [potion of mutation]
  5634 | D:7      | Lost mutation: You have a beak for a mouth. [potion of mutation]
  5634 | D:7      | Gained mutation: You tend to lose your temper in combat. [potion of mutation]
  5634 | D:7      | Gained mutation: You are agile. (Dex +2) [potion of mutation]
  5647 | D:8      | Killed tony's ghost
  5715 | D:8      | Reached skill level 5 in Armour
  5851 | D:8      | Reached * piety under Okawaru
  5851 | D:8      | Reached XP level 10. HP: 68/76 MP: 16/16
  5859 | D:8      | Noticed Grum
  5875 | D:8      | Killed Grum
  6025 | D:8      | Reached skill level 5 in Stealth
  6071 | D:8      | Found an ancient bone altar of Kikubaaqudgha.
  6332 | D:8      | Noticed a two-headed ogre
  6338 | D:8      | Killed a two-headed ogre
  6338 | D:8      | Reached ** piety under Okawaru
  6338 | D:8      | Reached skill level 5 in Spellcasting
  6890 | D:9      | Noticed a two-headed ogre
  6896 | D:9      | Killed a two-headed ogre
  6896 | D:9      | Reached skill level 8 in Long Blades
  6928 | D:9      | Noticed a two-headed ogre
  6939 | D:9      | Killed a two-headed ogre
  7169 | D:9      | Reached *** piety under Okawaru
  7481 | D:9      | Found a staircase to the Orcish Mines.
  7629 | D:9      | Reached XP level 11. HP: 73/82 MP: 20/20
  7754 | D:10     | Entered Level 10 of the Dungeon
  7846 | D:10     | Noticed a two-headed ogre
  7859 | D:10     | Killed a two-headed ogre
  7859 | D:10     | Reached skill level 9 in Long Blades
  8334 | D:4      | Bought a book of Necromancy for 390 gold pieces
  8339 | D:4      | Learned a level 3 spell: Regeneration
  8344 | D:4      | Learned a level 4 spell: Animate Dead
  8453 | Orc:1    | Entered Level 1 of the Orcish Mines
  8453 | Orc:1    | Noticed Chodeload's ghost (journeyman OpSu)
  8643 | D:10     | Found a sacrificial altar of Ru.
  8670 | D:10     | Reached **** piety under Okawaru
  8910 | D:10     | Killed an unseen horror
  8954 | D:10     | Found Evifal's Magic Scroll Shop.
  9090 | D:11     | Got a crude copper ring
  9105 | D:11     | Found Potwum's General Store.
  9125 | D:11     | Found a staircase to the Lair.
  9126 | D:11     | Received a gift from Okawaru
  9262 | D:11     | Noticed a brown ugly thing
  9275 | D:11     | Killed a brown ugly thing
  9531 | D:11     | Found Netec's Gadget Boutique.
  9573 | D:11     | Reached ***** piety under Okawaru
  9667 | D:11     | Reached skill level 10 in Long Blades
 10024 | D:11     | Found Yqikesih's Book Boutique.
 10025 | D:11     | Noticed a red ugly thing
 10036 | D:11     | Killed a red ugly thing
 10038 | D:11     | Identified the ring "Hetzeshru" {rC- rN++ Str+3 Dex+2 Stlth+} (You found it on level 11 of the Dungeon)
 10042 | D:11     | Noticed a brown ugly thing
 10051 | D:11     | Killed a brown ugly thing
 10114 | D:11     | Found Powogi's General Store.
 10134 | D:11     | Found Goggicar's Gadget Shoppe.
 10182 | D:11     | Killed an unseen horror
 10376 | D:12     | Received a gift from Okawaru
 10461 | D:12     | Gained mutation: You are completely covered in sharp spines. [demonic ancestry]
 10461 | D:12     | Reached XP level 12. HP: 62/90 MP: 22/22
 10612 | D:12     | Found a flagged portal.
 10675 | Bailey   | Entered a bailey
 11172 | Bailey   | Reached skill level 11 in Long Blades
 11414 | Bailey   | Reached skill level 5 in Necromancy
 11690 | D:11     | HP: 1/92 [cyan ugly thing (16)]
 11690 | D:11     | Received a gift from Okawaru
 11696 | D:11     | Lost mutation: You are agile. (Dex +2) [mutagenic meat]
 11697 | D:11     | Gained mutation: Your system is resistant to poisons. (rPois) [mutagenic meat]
 12935 | D:13     | Gained mutation: Your body sometimes deteriorates upon taking damage. [mutagenic meat]
 12936 | D:13     | Lost mutation: Your body sometimes deteriorates upon taking damage. [mutagenic meat]
 12937 | D:13     | Gained mutation: Your skin changes colour to match your surroundings (Stealth+). [mutagenic meat]
 13096 | D:13     | Noticed a vault guard
 13096 | D:13     | Noticed a vault guard
 13097 | D:13     | Found a gate to the Vaults.
 13097 | D:13     | Noticed a vault guard
 13097 | D:13     | Noticed a vault guard
 13097 | D:13     | Noticed a vault guard
 13098 | D:13     | Noticed a vault guard
 13098 | D:13     | Noticed a vault guard
 13098 | D:13     | Noticed a vault guard
 13116 | D:13     | Killed a vault guard
 13121 | D:13     | Learned a level 2 spell: Swiftness
 13122 | D:13     | HP: 4/92 [vault guard/broad axe of flaming (14)]
 13360 | D:13     | HP: 2/92 [vault guard/broad axe of flaming (12)]
 13361 | D:13     | Killed a vault guard
 13767 | Lair:1   | Entered Level 1 of the Lair of Beasts
 13769 | Lair:1   | Noticed a six-headed hydra
 13781 | Lair:1   | HP: 4/93 [electric eel/bolt of electricity (9)]
 13851 | Lair:1   | HP: 1/93 [electric eel/bolt of electricity (10)]
 13855 | Lair:1   | Lost mutation: Your system is resistant to poisons. (rPois) [potion of mutation]
 13855 | Lair:1   | Lost mutation: You tend to lose your temper in combat. [potion of mutation]
 13855 | Lair:1   | Gained mutation: You evolve. [potion of mutation]
 13855 | Lair:1   | Gained mutation: You rapidly evolve. [potion of mutation]
 13855 | Lair:1   | Gained mutation: You passively map a small area around you. [evolution]
 14282 | Lair:1   | Killed a seven-headed hydra
 14282 | Lair:1   | Received a gift from Okawaru
 14290 | Lair:1   | Reached skill level 1 in Evocations
 14293 | Lair:1   | Reached skill level 1 in Charms
 14524 | Lair:1   | Found a hazy altar of Hepliaklqana.
 14585 | Lair:1   | Noticed Fannar
 14595 | Lair:1   | Killed Fannar
 14847 | Lair:1   | Gained mutation: You have a pair of horns on your head. [demonic ancestry]
 14847 | Lair:1   | Reached XP level 13. HP: 99/99 MP: 25/25
 15154 | Lair:2   | Learned a level 5 spell: Fireball
 15190 | Lair:2   | Reached skill level 1 in Conjurations
 15810 | Lair:2   | Got an ichor-stained dagger
 15811 | Lair:2   | Identified the +6 dagger "Gushraxifox" {drain, *Contam +Rage rPois Stlth+} (You found it on level 2 of the Lair of Beasts)
 15851 | Lair:2   | Gained mutation: Your body sometimes deteriorates upon taking damage. [mutagenic glow]
 15963 | Lair:2   | Reached skill level 12 in Long Blades
 16221 | Lair:2   | Gained mutation: Scrolls take you a little longer to read. [evolution]
 16597 | Lair:3   | Reached ****** piety under Okawaru
 16920 | Lair:3   | Lost mutation: Scrolls take you a little longer to read. [potion of mutation]
 16920 | Lair:3   | Lost mutation: Your body sometimes deteriorates upon taking damage. [potion of mutation]
 16920 | Lair:3   | Lost mutation: You rapidly evolve. [potion of mutation]
 16920 | Lair:3   | Lost mutation: You evolve. [potion of mutation]
 16920 | Lair:3   | Gained mutation: Your system is resistant to poisons. (rPois) [potion of mutation]
 16920 | Lair:3   | Gained mutation: You are occasionally teleported next to monsters. [potion of mutation]
 16920 | Lair:3   | Gained mutation: Your flesh is cold resistant. (rC+) [potion of mutation]
 17004 | Lair:3   | Lost mutation: You are occasionally teleported next to monsters. [potion of mutation]
 17004 | Lair:3   | Lost mutation: Your skin changes colour to match your surroundings (Stealth+). [potion of mutation]
 17004 | Lair:3   | Lost mutation: Your flesh is cold resistant. (rC+) [potion of mutation]
 17004 | Lair:3   | Gained mutation: You occasionally shout uncontrollably at your foes. [potion of mutation]
 17004 | Lair:3   | Lost mutation: You occasionally shout uncontrollably at your foes. [potion of mutation]
 17004 | Lair:3   | Gained mutation: Your muscles are strong. (Str +2) [potion of mutation]
 17286 | Lair:3   | Received a gift from Okawaru
 17289 | Lair:3   | Got a pair of twisted gloves {god gift}
 17300 | Lair:3   | Identified the +2 pair of gloves of Pathos {+Fly rF+ Dex+2 Stlth+} (Okawaru gifted it to you on level 3 of the Lair of Beasts)
 17464 | Lair:4   | HP: 1/99 [eight-headed hydra (8)]
 18101 | Lair:4   | Found a hole to the Spider Nest.
 19042 | Lair:4   | You fall through a shaft for 2 floors!
 19042 | Lair:6   | Entered Level 6 of the Lair of Beasts
 19182 | Lair:6   | HP: 6/150 [elephant (3)]
 19644 | Lair:5   | Slain by a nine-headed hydra

Vault maps used:
D:1:      minmay_arrival_shoal_huts
D:3:      kennysheep_big_flooded_room, nicolae_gozag_seed_capital
D:4:      serial_shops, shop
D:5:      first_bread
D:6:      lightli_orcish_oven, uniq_prince_ribbit1, uniq_edmund
D:7:      minmay_temple_entry_glassed_door, grunt_livestock
D:8:      lemuel_mausoleum_altar_kikubaaqudgha, uniq_grum
D:9:      hiddenorc1_lemuel
D:10:     serial_shops, shop_fountains, nicolae_ru_sacrificial_ziggurat
D:11:     lair_entry_dummy, serial_shops, nicolae_shop_crystal, shop,
          kennysheep_little_box, kennysheep_mini_moat, shop
D:12:     enter_bailey_2, minmay_misc_feat_plants
D:13:     erik_vaults_2
Temple:   nicolae_temple_the_god_donut
Lair:1:   basic_altar, infiniplex_staircase_pool, grunt_megastairs_2,
          lemuel_fruit_fields, uniq_fannar
Lair:4:   nicolae_swamp_entry_splash_gauntlet, spider_nest_entry_webs
Lair:5:   onia_ninara_swampy_vault, roderic_carrion_pond,
          infiniplex_staircase_pool_2
Lair:6:   hangedman_lair_tendril_chambers, nicolae_slime_entry_slimehenge,
          fungi_pond_lemuel, ldierk_geyser
Orc:1:    basic_altar, nicolae_orc_lava_room
Bailey:   bailey_polearm_3, bailey

Skill      XL: |  1  2  3  4  5  6  7  8  9 10 11 12 13 |
---------------+----------------------------------------+-----
Throwing       | 2 |  2.5
Long Blades    | 3 4 5 6 7 8 10 11 12 | 12.6
Dodging        | 3 4 5 6 7 |  7.6
Armour         | 1 2 3 5 6 7 |  7.0
Fighting       | 3 4 5 6 7 8 9 |  9.0
Stealth        | 1 3 4 5 6 7 |  7.6
Spellcasting   | 3 4 6 7 8 9 |  9.4
Necromancy     | 1 3 5 |  5.3
Evocations     | 1 |  1.3
Charms         | 1 |  1.2
Conjurations   | 4 |  4.0
Air Magic      | |  0.1

Action                   |  1- 3 |  4- 6 |  7- 9 | 10-12 | 13-15 || total
-------------------------+-------+-------+-------+-------+-------++-------
Melee: Long sword        |    80 |    61 |   106 |       |       ||   247
       Rapier            |       |       |   185 |    11 |       ||   196
       Headbutt          |       |       |    20 |   116 |    60 ||   196
       Triple sword      |       |       |       |   411 |   183 ||   594
Throw: Throwing net      |       |     1 |     2 |     6 |       ||     9
 Cast: Animate Skeleton  |       |       |     1 |       |       ||     1
       Animate Dead      |       |       |       |     2 |     4 ||     6
       Regeneration      |       |       |       |     7 |     2 ||     9
       Swiftness         |       |       |       |     2 |     1 ||     3
Invok: Heroism           |       |       |       |     2 |     1 ||     3
Evoke: Wand              |       |       |       |     9 |     6 ||    15
  Use: Scroll            |       |       |    11 |    12 |     1 ||    24
       Potion            |       |       |     4 |     9 |     4 ||    17
 Stab: Sleeping          |     1 |     2 |     7 |    33 |    10 ||    53
       Distracted        |       |       |     1 |     1 |       ||     2
       Invisible         |       |       |     1 |       |       ||     1
       Held in net/web   |       |       |       |     5 |       ||     5
       Paralysed         |       |       |       |       |     9 ||     9
  Eat: Chunk             |     2 |     2 |    15 |    24 |    10 ||    53
       Royal jelly       |       |     1 |       |     5 |     3 ||     9
Armor: Leather armour    |    26 |     4 |    79 |    28 |       ||   137
       Ring mail         |       |       |       |   158 |   180 ||   338
Dodge: Dodged            |    71 |    54 |   196 |   366 |   330 ||  1017
       Deflected         |     2 |     2 |     8 |    10 |       ||    22
       Rpst.: Long sword |    22 |    19 |    27 |       |       ||    68
       Triple sword      |       |       |       |    90 |    50 ||   140
